Map: Dusk Towers

Players

Fropez - Winner!

  • Race: Protoss Protoss
  • League: Silver
  • Spawn Location: 7:00

Knives

  • Race: Protoss Protoss
  • League: Silver
  • Spawn Location: 1:00

VOD

Have the link to the VOD?

Description

Time

  • Played on: July 9, 2016, noon
  • Length: 11:15
Show
View Real Time Build Order
Export as new Build Order

Fropez Protoss - Winner!

Build Orders:  

Get SALT Encoding   

  12  0:01  Probe (Chrono Boost)  
  13  0:15  Pylon  
  14  0:21  Probe (Chrono Boost)  
  14  0:26  Assimilator  
  14  0:32  Probe (Chrono Boost)  
  15  0:42  Probe (Chrono Boost)  
  16  1:04  Gateway  
  16  1:07  Gateway  
  16  1:13  Probe (Chrono Boost)  
  17  1:18  Pylon  
  17  1:24  Pylon  
  17  1:26  Probe (Chrono Boost)  
  17  1:32  Assimilator  
  18  1:37  Probe (Chrono Boost)  
  19  1:47  Probe (Chrono Boost)  
  19  1:53  Cybernetics Core  
  20  1:58  Probe (Chrono Boost)  
  21  2:09  Gateway  
  21  2:20  Probe (Chrono Boost)  
  22  2:29  Adept x2  
  26  2:35  Probe (Chrono Boost)  
  27  2:47  Mothership Core (Chrono Boost)  
  27  2:49  Pylon  
  29  3:03  Pylon  
  29  3:05  Probe (Chrono Boost)  
  30  3:07  Warp Gate (Chrono Boost)  
  34  3:20  Adept  
  36  3:39  Adept x2  
  36  3:47  Pylon  
  35  4:01  Pylon  
  34  4:07  Pylon  
  34  4:31  Pylon  
  34  4:35  Forge  
  34  4:58  Nexus  
  30  5:24  Protoss Ground Weapons Level 1 (Chrono Boost)  
  28  5:29  Forge  
  28  5:39  Gateway  
  28  5:44  Photon Cannon  
  28  5:46  Probe  
  28  5:53  Photon Cannon  
  28  6:00  Pylon  
  28  6:07  Sentry  
  28  6:08  Sentry x2  
  28  6:09  Protoss Ground Armor Level 1 (Chrono Boost)  
  34  6:16  Probe  
  34  6:17  Probe  
  36  6:33  Adept x3  
  36  6:39  Probe  
  42  6:40  Probe  
  44  6:55  Adept x3  
  44  6:56  Adept  
  50  7:32  Robotics Facility  
  50  7:33  Gateway  
  50  7:35  Probe x2  
  48  7:38  Gateway  
  48  7:45  Twilight Council  
  48  7:47  Probe x2, Robotics Facility  
  50  7:53  Protoss Shields Level 1 (Chrono Boost)  
  50  7:57  Assimilator  
  50  7:59  Adept x2, Probe x2  
  50  8:01  Adept  
  58  8:05  Adept  
  58  8:11  Probe  
  61  8:13  Probe  
  62  8:23  Adept x2, Probe  
  62  8:26  Observer  
  68  8:31  Probe  
  69  8:37  Warp Prism  
  71  8:46  Adept  
  71  8:47  Adept x2  
  77  8:54  Pylon  
  77  8:58  Pylon  
  77  9:07  Protoss Ground Weapons Level 2 (Chrono Boost)  
  77  9:18  Observer  
  78  9:26  Adept  
  78  9:27  Adept x4  
  88  9:39  Probe  
  89  9:52  Photon Cannon  
  89  9:55  Probe x2, Assimilator  
  85  10:33  Adept x3  
  85  10:34  Adept x2  
Show
View Real Time Build Order
Export as new Build Order

Knives Protoss 

Build Orders:  

Get SALT Encoding   

  12  0:01  Probe (Chrono Boost)  
  13  0:12  Probe (Chrono Boost)  
  14  0:25  Probe (Chrono Boost)  
  15  0:36  Pylon  
  15  0:44  Assimilator  
  15  0:50  Assimilator  
  15  0:54  Probe (Chrono Boost)  
  15  0:55  Gateway  
  16  1:00  Gateway  
  16  1:05  Probe (Chrono Boost)  
  17  1:16  Pylon  
  17  1:19  Probe (Chrono Boost)  
  18  1:34  Probe (Chrono Boost)  
  18  1:35  Gateway  
  19  1:45  Cybernetics Core  
  19  1:47  Probe (Chrono Boost)  
  20  1:58  Probe (Chrono Boost)  
  21  2:05  Zealot  
  21  2:06  Zealot  
  25  2:12  Probe (Chrono Boost)  
  26  2:21  Warp Gate (Chrono Boost)  
  26  2:22  Probe (Chrono Boost)  
  27  2:24  Stalker  
  29  2:33  Probe  
  30  2:46  Pylon  
  30  2:53  Pylon  
  30  3:04  Stalker x2  
  34  3:06  Stalker  
  36  3:17  Twilight Council  
  36  3:30  Probe  
  35  3:42  Probe  
  36  3:56  Probe  
  36  4:01  Blink (Chrono Boost)  
  33  4:25  Probe  
  34  4:34  Stalker x3  
  34  4:37  Probe  
  39  4:47  Nexus  
  39  4:49  Probe  
  39  4:51  Forge  
  40  5:01  Probe  
  40  5:02  Dark Shrine  
  33  5:17  Probe  
  30  5:28  Stalker x2  
  33  5:29  Probe  
  34  5:41  Probe, Stalker  
  37  5:53  Probe  
  37  5:56  Protoss Ground Weapons Level 1 (Chrono Boost)  
  38  5:59  Sentry x2, Probe  
  43  6:06  Probe  
  43  6:10  Probe  
  44  6:18  Probe  
  46  6:20  Probe  
  47  6:30  Probe  
  48  6:35  Probe  
  49  6:42  Probe  
  49  6:46  Probe  
  51  6:54  Probe  
  51  6:55  Nexus  
  51  6:57  Probe  
  52  7:15  Stalker x2  
  53  7:28  Probe  
  53  7:30  Probe  
  53  7:36  Dark Templar  
  57  7:39  Probe  
  57  7:42  Probe  
  59  7:49  Probe  
  59  7:54  Probe, Protoss Ground Weapons Level 2 (Chrono Boost)  
  61  8:09  Probe  
  62  8:15  Photon Cannon  
  62  8:20  Photon Cannon  
  62  8:33  Pylon, Probe x2  
  62  8:34  Probe  
  62  8:36  Sentry  
  62  8:38  Sentry x2  
  71  8:44  Assimilator  
  71  8:49  Assimilator  
  71  8:53  Pylon  
  71  8:59  Robotics Facility  
  71  9:11  Photon Cannon  
  69  9:17  Assimilator  
  69  9:22  Assimilator  
  69  9:23  Gateway  
  69  9:26  Gateway x2  
  69  9:32  Probe  
  69  9:34  Pylon, Probe  
  71  9:41  Pylon  
  71  9:46  Warp Prism (Chrono Boost)  
  71  9:50  Pylon, Dark Templar  
  71  9:51  Dark Templar x2  
  79  10:00  Probe x2  
  79  10:02  Probe  
  82  10:11  Probe x2  
  67  10:46  Stalker  
  64  10:58  Stalker x2  
Tags
 
Matchup
PvP
Replay Pack
All Mines
Spawn Locations
Cross Positions
Add a new tag
Caveats
  • Supply blocks, unpowered buildings, or Contaminate may cause inaccurate times.
  • Supply counts are checked every 10 seconds.